 Dungeon Crawl Stone Soup version 0.23.2-1-ga50397a (webtiles) character file.

Game seed: 18217133802578481850

56 Fang the Skirmisher (level 3, 0/24 HPs)
             Began as a Gargoyle Berserker on Apr 26, 2019.
             Was a Believer of Trog.
             Killed from afar by an orc wizard (5 damage)
             ... with a magic dart
             ... on level 2 of the Dungeon.
             The game lasted 00:01:04 (1393 turns).

Fang the Skirmisher (Gargoyle Berserker)            Turns: 1393, Time: 00:01:05

Health: 0/24       AC:  5    Str: 21    XL:     3   Next: 97%
Magic:  3/3        EV: 12    Int:  7    God:    Trog [**....]
Gold:   96         SH:  0    Dex:  9    Spells: 2/2 levels left

rFire    . . .     SeeInvis .   a - +0 hand axe
rCold    . . .     Gourm    .   (no shield)
rNeg     + . .     Faith    .   b - +0 animal skin
rPois    ∞         Spirit   .   (no helmet)
rElec    +         Reflect  .   (no cloak)
rCorr    .         Harm     .   (no gloves)
MR       .....                  (no boots)
Stlth    +.........             i - amulet of rage
HPRegen  0.08/turn              (no ring)
MPRegen  0.08/turn              (no ring)

@: no status effects
A: negative energy resistance 1, electricity resistance, unbreathing,
petrification resistance, rot immunity, AC +3
a: Berserk, Trog's Hand, Renounce Religion, Evoke Berserk Rage


You were on level 2 of the Dungeon.
You worshipped Trog.
Trog was pleased with you.
You were hungry.

You visited 1 branch of the dungeon, and saw 3 of its levels.

You collected 96 gold pieces.

Inventory:

Hand Weapons
 a - a +0 hand axe (weapon)
Armour
 b - a +0 animal skin (worn)
Jewellery
 i - an amulet of rage (around neck)
Scrolls
 d - a scroll of magic mapping {unknown}
 e - 2 scrolls of identify {unknown}
 h - a scroll of remove curse {unknown}
 j - a scroll of blinking {unknown}
Potions
 g - 2 potions of lignification {unknown}
 k - a potion of curing {unknown}
Comestibles
 c - 7 rations


   Skills:
 + Level 3.8 Fighting
 + Level 3.1 Axes
 + Level 2.9 Armour
 + Level 2.1 Dodging


You had 2 spell levels left.
You didn't know any spells.
Your spell library was empty.

Dungeon Overview and Level Annotations

Branches:
Dungeon (3/15)

Altars:
Gozag
Makhleb
Okawaru
Trog
Xom


Innate Abilities, Weirdness & Mutations

You are resistant to torment.
Your stone body is resilient. (AC +3)
You are immune to poison.
You resist negative energy. (rN+)
You are resistant to electric shocks. (rElec)
You can survive without breathing.
You are immune to petrification.
You are immune to rotting.


Message History

Something hits you but does no damage.
You hear some strange, mumbled words.
You are confused.
The orc barely misses you. The orc misses you.
You enter the shallow water.
Moving in this stuff is going to be slow.
Something hits you.
* * * LOW HITPOINT WARNING * * *
You're too confused to move!
The orc misses you. Something hits you.
* * * LOW HITPOINT WARNING * * *
The orc barely misses you.
You feel less confused.
You barely miss the orc.
The orc is severely wounded.
You miss something. The orc misses you.
You hear some strange, mumbled words.
A magic dart appears from out of thin air!
The magic dart hits you.
You die...

###≈##.##......###.........####
#≈≈#.≈≈≈##.####.....##<.....#
##≈#.≈..............##.#.##.###
#≈≈.≈.....####.....##.#.##...#
##≈≈.###.## ###...###.#......#
##≈## #.# #.......#.####...#
#.####.####......>#.......##
#.........#..[.....####...#
#.......#.#@o..≈...####...#
#.#.##..#.#..≈≈.≈.≈≈##≈#.##
#.#.....#.#..♣.≈.....#≈#.#
#.#..##.#..)..≈≈.≈..≈.≈#.#
#.......#..#...≈.≈≈..≈.#.#
###........##...♣#.≈≈≈♣..#
##.........≈)♣.♣≈♣.....#
#######.#..≈.≈≈≈.≈.≈..#
#.#.♣..≈♣..≈≈.###


You could see an orc.

Vanquished Creatures
  An adder (D:2)
  An adder skeleton (D:2)
  A worm (D:2)
  3 dart slugs
  A leopard gecko (D:2)
  2 bats
  7 goblins
  6 hobgoblins
  A ball python (D:1)
  2 frilled lizards
  3 kobolds
  6 rats
34 creatures vanquished.

Notes
Turn   | Place    | Note
-------+----------+-------------------------------------------
     0 | D:1      | Fang the Gargoyle Berserker began the quest for the Orb.
     0 | D:1      | Reached XP level 1. HP: 14/14 MP: 1/1
    87 | D:1      | Reached XP level 2. HP: 12/19 MP: 2/2
   110 | D:1      | Found an opulent altar of Gozag.
   116 | D:1      | Found a shimmering altar of Xom.
   116 | D:1      | Found a shimmering altar of Xom.
   118 | D:1      | Found a burning altar of Makhleb.
   118 | D:1      | Found a bloodstained altar of Trog.
   118 | D:1      | Found an iron altar of Okawaru.
   756 | D:2      | Reached XP level 3. HP: 18/24 MP: 3/3
   895 | D:2      | Reached ** piety under Trog
  1393 | D:2      | Killed from afar by an orc wizard

Skill      XL: |  1  2 |
---------------+-------+-----
Axes           | 3 |  3.1
Dodging        | 2 |  2.1
Fighting       | |  3.8
Armour         | |  2.9

Action                   || total
-------------------------++-------
Melee: Hand axe          ||   122
  Eat: Chunk             ||     1
Armor: Animal skin       ||    41
Dodge: Dodged            ||    83
